Map: Frost LE

Players

SortOf - Winner!

  • Race: Zerg Zerg
  • League: Master

YogorōMōri (YoGo)

  • Race: Zerg Zerg
  • League: Master

VOD

Have the link to the VOD?

Description

Time

  • Played on: Oct. 26, 2016, 3:56 a.m.
  • Length: 16:24
Show
View Real Time Build Order
Export as new Build Order

SortOf Zerg - Winner!

Build Orders: Hatch First 

Get SALT Encoding   

  12  0:00  Drone  
  13  0:12  Overlord  
  13  0:17  Drone  
  14  0:31  Drone x2  
  16  0:48  Unknown, Hatchery  
  15  0:51  Drone  
  15  0:55  Drone  
  17  1:11  Spawning Pool  
  16  1:12  Drone  
  16  1:16  Drone  
  18  1:20  Extractor, Drone  
  18  1:28  Drone  
  19  1:39  Overlord  
  19  1:49  Drone  
  20  1:58  Queen  
  20  1:59  Unknown  
  20  2:00  Queen  
  24  2:02  Zergling x2  
  24  2:03  Drone  
  26  2:12  Drone x2  
  28  2:21  Drone  
  28  2:22  Drone  
  30  2:27  Evolution Chamber  
  29  2:32  Overlord  
  29  2:34  Drone  
  30  2:37  Queen  
  32  2:46  Roach Warren  
  32  2:48  Drone x2  
  33  2:54  Drone x2  
  34  3:05  Drone  
  35  3:06  Overlord x2  
  35  3:26  Roach x6  
  47  3:31  Roach  
  47  3:35  Roach  
  47  3:38  Roach x3  
  55  3:46  Overlord  
  55  3:48  Ravager  
  55  3:51  Roach x2  
  59  3:58  Overlord  
  59  3:59  Drone  
  60  4:09  Roach x2  
  66  4:10  Roach  
  66  4:14  Queen  
  66  4:15  Overlord  
  68  4:19  Roach  
  68  4:20  Zergling x2  
  68  4:21  Zergling x2  
  68  4:23  Drone  
  73  4:28  Overlord  
  73  4:31  Zergling x4  
  75  4:38  Drone x2  
  77  4:43  Drone  
  77  4:45  Extractor  
  77  4:51  Drone x2  
  77  4:52  Drone x2  
  81  4:53  Drone  
  80  5:02  Drone  
  80  5:03  Drone x2  
  80  5:05  Drone  
  80  5:06  Drone  
  75  5:11  Drone  
  75  5:14  Zerg Ground Armor Level 1  
  69  5:16  Extractor  
  69  5:18  Drone  
  66  5:33  Unknown, Hatchery  
  65  5:35  Metabolic Boost  
  65  5:36  Overlord  
  65  5:40  Roach  
  65  5:42  Zergling x8  
  69  5:51  Overlord  
  69  5:55  Zergling x2  
  69  5:56  Zergling x6  
  73  6:06  Zergling x6  
  76  6:20  Overlord  
  76  6:22  Roach x3, Unknown, Hatchery  
  81  6:27  Ravager  
  81  6:28  Ravager x3  
  81  6:31  Unknown, Hatchery  
  84  6:33  Zergling x2  
  84  6:34  Zergling x2  
  84  6:38  Ravager  
  87  6:41  Zergling x6  
  87  6:42  Overlord  
  90  6:51  Zergling x8  
  90  6:53  Unknown, Ravager  
  95  6:56  Ravager  
  95  7:00  Zergling x4  
  98  7:05  Queen x2  
  98  7:06  Overlord  
  99  7:20  Zerg Melee Weapons Level 1, Drone x2  
  99  7:21  Drone x5  
  100  7:23  Drone  
  97  7:32  Spore Crawler  
  97  7:33  Unknown  
  87  7:39  Spore Crawler  
  87  7:40  Spore Crawler, Queen x2  
  87  7:42  Unknown  
  89  7:46  Queen  
  89  7:49  Spore Crawler  
  89  7:51  Spore Crawler  
  89  7:52  Spore Crawler  
  89  7:54  Overlord  
  89  7:57  Drone x2  
  88  8:04  Roach x3  
  90  8:10  Drone x2  
  92  8:15  Drone x3  
  92  8:19  Roach  
  97  8:21  Roach  
  97  8:26  Roach  
  100  8:29  Ravager x2  
  100  8:30  Ravager  
  100  8:32  Zergling x6  
  106  8:34  Zergling x2  
  106  8:36  Zergling x2  
  107  8:47  Zergling x2  
  107  8:48  Zergling x14  
  103  8:50  Zergling x2  
  97  8:58  Lair  
  97  9:02  Drone x2  
  99  9:03  Drone x2  
  101  9:12  Zergling x10  
  101  9:13  Zergling x6  
  101  9:14  Ravager x2  
  101  9:15  Ravager  
  101  9:16  Ravager  
  113  9:23  Zergling x10  
  117  9:38  Roach, Overlord x2  
  119  9:39  Overlord  
  116  9:50  Zergling x2  
  116  9:51  Zergling x20  
  103  10:00  Infestation Pit, Extractor, Drone  
  103  10:02  Queen  
  103  10:04  Drone x2  
  103  10:05  Drone  
  107  10:07  Drone x2  
  107  10:10  Drone x2  
  111  10:16  Zerg Melee Weapons Level 2  
  111  10:24  Drone  
  111  10:25  Drone x5  
  115  10:34  Extractor x2  
  113  10:37  Hive  
  113  10:42  Zergling x18  
  122  10:44  Roach  
  122  10:46  Roach  
  126  10:51  Overseer  
  125  10:59  Infestor x3  
  125  11:00  Overlord  
  125  11:01  Overlord  
  131  11:12  Roach x5  
  141  11:23  Zergling x16  
  147  11:34  Ravager x7  
  147  11:38  Zergling x12  
  159  11:54  Spine Crawler x2, Ultralisk Cavern  
  159  11:55  Spine Crawler, Overlord  
  159  11:56  Spine Crawler  
  159  12:00  Adrenal Glands  
  153  12:29  Unknown, Hatchery  
  150  12:37  Overseer x2  
  150  12:41  Zerg Melee Weapons Level 3  
  150  12:42  Chitinous Plating  
  150  12:43  Ultralisk  
  155  12:50  Ultralisk  
  155  12:56  Drone x4  
  155  12:57  Drone  
  158  13:00  Overlord  
  158  13:09  Ultralisk  
  158  13:10  Overlord  
  164  13:17  Overlord  
  164  13:18  Zergling x8  
  168  13:32  Ultralisk  
  167  13:40  Unknown  
  171  13:41  Ultralisk  
  171  13:50  Ultralisk  
  171  13:51  Spore Crawler  
  172  14:06  Queen x3  
  172  14:08  Infestor  
  177  14:15  Drone x3  
  180  14:22  Zergling x12  
  186  14:30  Zergling x2  
  186  14:31  Zergling x6  
  190  14:38  Overlord  
  190  14:43  Spine Crawler  
  190  14:44  Overlord  
  190  14:45  Spore Crawler  
  188  14:46  Overlord  
  188  14:55  Extractor  
  187  15:03  Spire  
  174  15:26  Zergling x14  
  174  15:27  Zergling x30  
  191  15:41  Zergling x20  
Show
View Real Time Build Order
Export as new Build Order

YogorōMōri Zerg 

Build Orders: Hatch First 

Get SALT Encoding   

  12  0:14  Overlord  
  12  0:18  Drone x2  
  14  0:33  Drone  
  15  0:39  Drone  
  16  0:54  Unknown, Hatchery  
  16  0:56  Drone  
  16  0:59  Drone  
  17  1:12  Spawning Pool  
  17  1:15  Drone  
  17  1:17  Extractor  
  16  1:22  Drone  
  17  1:30  Drone  
  18  1:41  Drone  
  19  1:57  Drone  
  19  1:58  Queen  
  22  2:05  Queen, Unknown, Drone  
  22  2:07  Drone  
  26  2:13  Overlord  
  26  2:17  Drone  
  27  2:23  Zergling x2  
  28  2:33  Drone  
  28  2:34  Drone  
  28  2:35  Lair  
  30  2:37  Drone  
  30  2:41  Queen  
  33  2:47  Overlord  
  33  2:50  Extractor  
  32  2:55  Drone x2  
  33  3:06  Drone  
  33  3:07  Drone x3  
  33  3:10  Drone  
  33  3:12  Drone x2  
  40  3:17  Overlord  
  40  3:19  Drone  
  41  3:26  Roach Warren  
  40  3:29  Drone x2  
  42  3:36  Spire, Drone  
  42  3:37  Overseer  
  42  3:39  Drone  
  43  3:43  Extractor  
  43  3:45  Drone x2  
  44  3:51  Drone x3  
  44  3:54  Extractor  
  46  3:58  Overlord  
  46  3:59  Drone  
  47  4:07  Spine Crawler  
  47  4:12  Spine Crawler  
  47  4:13  Evolution Chamber  
  47  4:15  Evolution Chamber  
  43  4:17  Roach  
  43  4:18  Roach x2  
  50  4:24  Overlord  
  50  4:28  Spine Crawler  
  49  4:32  Roach  
  49  4:36  Roach Warren  
  50  4:43  Roach  
  50  4:44  Roach x3  
  50  4:45  Spine Crawler  
  58  4:46  Ravager  
  59  5:02  Queen  
  57  5:10  Zergling x8  
  57  5:12  Drone x2  
  59  5:15  Extractor  
  59  5:16  Glial Reconstitution  
  59  5:18  Spire, Drone x2  
  59  5:19  Zerg Missile Weapons Level 1  
  59  5:31  Metabolic Boost  
  59  5:49  Overlord x2  
  59  5:56  Overlord  
  59  5:57  Overlord  
  59  6:03  Unknown, Hatchery  
  58  6:09  Drone x3  
  58  6:10  Drone  
  55  6:30  Mutalisk  
  55  6:31  Mutalisk x5  
  67  6:34  Roach x2  
  71  6:40  Roach  
  71  6:43  Roach x2  
  71  6:44  Roach  
  79  6:48  Roach x2  
  79  6:51  Overlord  
  83  6:57  Roach x2  
  87  7:10  Roach x2  
  87  7:15  Overlord x3  
  91  7:21  Overlord x3  
  89  7:27  Overlord  
  89  7:39  Roach x3  
  95  7:46  Roach x2  
  95  7:49  Unknown, Hatchery  
  98  7:52  Roach  
  100  8:04  Roach x2  
  100  8:15  Roach x2  
  100  8:16  Roach x5  
  114  8:23  Unknown, Hatchery  
  114  8:24  Evolution Chamber  
  114  8:25  Roach x2  
  116  8:31  Roach  
  119  8:36  Roach  
  121  8:45  Unknown, Hatchery  
  112  8:50  Roach x7  
  122  9:01  Zerg Missile Weapons Level 2  
  122  9:04  Zerg Ground Armor Level 1  
  122  9:13  Roach x2  
  124  9:18  Roach x2  
  128  9:30  Roach x2  
  132  9:35  Roach  
  132  9:42  Overlord x3  
  106  9:56  Roach x5  
  106  9:57  Unknown  
  106  10:02  Roach x4  
  110  10:07  Roach x3  
  110  10:09  Roach  
  110  10:13  Ravager x4  
  118  10:18  Roach  
  118  10:19  Roach  
  122  10:25  Roach x2  
  122  10:26  Roach  
  116  10:34  Mutalisk x2  
  120  10:43  Mutalisk  
  120  10:44  Mutalisk  
  124  10:52  Mutalisk  
  124  10:56  Drone x3  
  129  10:58  Drone  
  130  11:07  Zerg Ground Armor Level 2  
  130  11:11  Drone x2  
  130  11:15  Drone  
  130  11:16  Drone  
  134  11:19  Unknown  
  134  11:22  Drone x3  
  137  11:26  Mutalisk  
  139  11:36  Mutalisk x2  
  139  11:37  Mutalisk  
  145  11:46  Spine Crawler, Extractor  
  145  11:47  Extractor  
  142  11:49  Zerg Flyer Weapons Level 1  
  142  11:54  Mutalisk x2  
  142  11:59  Mutalisk  
  148  12:02  Mutalisk  
  148  12:06  Mutalisk  
  152  12:09  Mutalisk  
  154  12:16  Mutalisk  
  156  12:23  Mutalisk x2  
  160  12:32  Mutalisk  
  162  12:37  Overlord x3  
  162  12:44  Spine Crawler  
  151  12:57  Roach  
  151  12:58  Roach x4  
  159  13:05  Roach  
  159  13:06  Roach x2  
  159  13:11  Roach x2  
  167  13:32  Roach x5  
  177  13:36  Overlord x2  
  177  13:42  Spine Crawler  
  175  14:03  Roach  
  175  14:04  Roach x7  
  175  14:09  Burrow  
  189  14:16  Tunneling Claws  
  189  14:20  Roach x2  
  194  14:24  Ravager  
  194  14:27  Overlord  
  194  14:42  Overseer  
  194  14:45  Spore Crawler  
  194  14:47  Ravager  
  194  14:50  Unknown, Hatchery  
  194  14:52  Overlord  
  193  14:55  Ravager  
  194  15:10  Roach x32  
  168  15:27  Roach x11  
  156  15:41  Roach x4  
  155  15:47  Ravager x7  
  162  15:54  Roach x2  
  162  15:56  Ravager x2  
  168  16:01  Unknown  
Tags
 
Add a new tag
Caveats
  • Supply blocks, unpowered buildings, or Contaminate may cause inaccurate times.
  • Supply counts are checked every 10 seconds.